 Dungeon Crawl Stone Soup version 0.30.0-29-ga12c61a403 (webtiles) character file.

Game seed: 4697372370323820140

575309 ChadusMaximus the Axe Maniac (level 25, -52/231 HPs)
             Began as a Minotaur Fighter on June 12, 2023.
             Was an Elder of Okawaru.
             Killed from afar by a hellephant (94 damage)
             ... with a blast of flame
             ... on level 6 of the Abyss.
             The game lasted 01:45:55 (64833 turns).

ChadusMaximus the Axe Maniac (Minotaur Fighter)    Turns: 64833, Time: 01:45:58

Health: -52/231    AC: 46    Str: 46    XL:     25   Next: 21%
Magic:  25/32      EV:  6    Int:  4    God:    Okawaru [****..]
Gold:   4675       SH: 36    Dex: 15    Spells: 24/24 levels left

rFire   . . .        S - +6 broad axe "Dischifisk" {drain, Fly}
rCold   + . .        V - +18 shield of the Gong {Loud rN+ Will+ rCorr EV-5}
rNeg    + . .        I - +4 gold dragon scales "Myivoliaso" {rElec rPois rF+ rC+ Will+ Dex-3}
rPois   +            Q - +1 hat "Otuubeips" {Str+6}
rElec   +            Y - +2 cloak of Emyn {rPois}
rCorr   +            B - +1 pair of gloves {hurl}
SInv    .            Z - +1 pair of boots of Sin {rElec rCorr Str+4}
Will    ++++.        M - amulet of faith Stlth
                     J - +6 ring of strength
HPRegen 0.00/turn    X - ring of Honesty {rPois rF- Will+ AC+4 Dex+2}
MPRegen 0.23/turn

%: faith
@: about to teleport, heroic, on berserk cooldown, sick, flying, slowed,
studying Long Blades, very slow
A: horns 2, retaliatory headbutt, agile 1, frail 1, screaming 2
}: 4/15 runes: barnacled, slimy, silver, gossamer
a: Renounce Religion, Heroism, Finesse


You were on level 6 of the Abyss.
You worshipped Okawaru.
Okawaru was greatly pleased with you.
You visited 10 branches of the dungeon, and saw 48 of its levels.
You visited the Abyss 1 time.
You also visited: Sewer and Ice Cave.

You collected 7095 gold pieces.
You spent 2420 gold pieces at shops.

Inventory:

Hand Weapons
 f - the +8 Vampire's Tooth {megavamp}
   (You found it on level 5 of the Vaults)
 S - the +6 broad axe "Dischifisk" (weapon) {drain, Fly}
   (Okawaru gifted it to you on level 3 of the Spider Nest)

   Fly:       It grants you flight.
Missiles
 E - 24 boomerangs (quivered)
 G - 5 silver boomerangs
 O - 34 javelins
Armour
 w - a +0 crystal plate armour
 B - a +1 pair of gloves of hurling (worn)
 I - the +4 gold dragon scales "Myivoliaso" (worn) {rElec rPois rF+ rC+ Will+ Dex-3}
   (Okawaru gifted it to you on level 3 of the Vaults)

   Dex:       It affects your dexterity (-3).
   rF:        It protects you from fire.
   rC:        It protects you from cold.
   rElec:     It insulates you from electricity.
   rPois:     It protects you from poison.
   Will:      It increases your willpower.
 Q - the +1 hat "Otuubeips" (worn) {Str+6}
   (Okawaru gifted it to you on level 4 of the Shoals)

   Str:       It affects your strength (+6).
 V - the +18 shield of the Gong (worn) {Loud rN+ Will+ rCorr EV-5}
   (You found it on level 4 of the Depths)

   Loud:      It is deafeningly noisy when blocking attacks.
   EV:        It affects your evasion (-5).
   rN:        It protects you from negative energy.
   rCorr:     It protects you from acid and corrosion.
   Will:      It increases your willpower.
 W - the +3 pair of seven-league boots {Rampage+∞}
   (You acquired it on level 12 of the Dungeon)

   Rampage+∞: When moving toward enemies, its wearer moves as far as possible,
   alerting their target en route.
 Y - the +2 cloak of Emyn (worn) {rPois}
   (Okawaru gifted it to you on level 3 of the Lair of Beasts)

   rPois:     It protects you from poison.
 Z - the +1 pair of boots of Sin (worn) {rElec rCorr Str+4}
   (You found it on level 3 of the Spider Nest)

   Str:       It affects your strength (+4).
   rElec:     It insulates you from electricity.
   rCorr:     It protects you from acid and corrosion.
Jewellery
 a - a ring of flight
 g - the brooch of Shielding {Spirit SH+8}
   (You found it in an ice cave)

   [amulet of guardian spirit]

   It causes incoming damage to be divided between your reserves of health and
   magic.
   SH:        It affects your SH (+8).
 n - a ring of positive energy
 s - the ring "Etsov" {rCorr SInv Stlth+}
   (You found it on level 5 of the Pits of Slime)

   [ring of resist corrosion]

   SInv:      It lets you see invisible.
   rCorr:     It protects you from acid and corrosion.
   Stlth:     It makes you more stealthy.
 A - a +4 ring of slaying
 J - a +6 ring of strength (left hand)
 M - an amulet of faith (around neck)
 X - the ring of Honesty (right hand) {rPois rF- Will+ AC+4 Dex+2}
   (You found it on level 3 of the Elven Halls)

   [ring of protection]

   AC:        It affects your AC (+4).
   Dex:       It affects your dexterity (+2).
   rF:        It makes you vulnerable to fire.
   rPois:     It protects you from poison.
   Will:      It increases your willpower.
Wands
 b - a wand of digging (14)
 R - a wand of roots (23)
Scrolls
 j - 6 scrolls of teleportation
 k - 6 scrolls of torment
 m - 22 scrolls of fog
 p - 5 scrolls of poison
 t - 7 scrolls of fear
 x - 13 scrolls of blinking
 y - 3 scrolls of brand weapon
 C - 5 scrolls of silence
 F - 9 scrolls of enchant armour
 H - 9 scrolls of vulnerability
 L - 9 scrolls of enchant weapon
 N - 18 scrolls of identify
 P - 9 scrolls of magic mapping
Potions
 d - 8 potions of might
 e - 6 potions of haste
 h - 8 potions of heal wounds
 i - 8 potions of lignification
 l - 7 potions of attraction
 o - 11 potions of ambrosia
 q - 4 potions of berserk rage
 r - 10 potions of mutation
 u - 27 potions of curing
 v - 15 potions of brilliance
 z - 9 potions of flight
 D - a potion of cancellation
 K - a potion of magic
 T - 4 potions of resistance
 U - 2 potions of invisibility


   Skills:
 O Level 27 Fighting
 O Level 27 Axes
 - Level 17.5(22.5) Throwing
 + Level 24.6(27) Armour
 + Level 23.7(27) Shields
 - Level 14.0 Invocations


You had 24 spell levels left.
You didn't know any spells.
Your spell library contained the following spells:

 Spells                   Type           Power      Damage    Failure   Level
 Apportation              Tloc           0%         N/A       86%         1
 Beastly Appendage        Tmut           0%         N/A       86%         1
 Freeze                   Ice            0%         1d3       86%         1
 Kiss of Death            Conj/Necr      0%         2d5       86%         1
 Necrotise                Necr           0%         1d4       86%         1
 Sandblast                Erth           0%         2d4       86%         1
 Sting                    Tmut/Pois      0%         1d3       86%         1
 Blink                    Tloc           0%         N/A       95%         2
 Cigotuvi's Dreadful Rot  Necr/Pois/Air  0%         N/A       95%         2
 Ensorcelled Hibernation  Hex/Ice        0%         N/A       95%         2
 Lesser Beckoning         Tloc           0%         N/A       95%         2
 Momentum Strike          Conj/Tloc      0%         3d8       95%         2
 Passwall                 Tmut/Erth      0%         N/A       95%         2
 Scorch                   Fire           0%         2d5       95%         2
 Static Discharge         Conj/Air       0%         2-2/arc   95%         2
 Sublimation of Blood     Necr           0%         N/A       95%         2
 Wereblood                Tmut           0%         N/A       95%         2
 Confusing Touch          Hex            0%         N/A       99%         3
 Dazzling Flash           Conj/Hex       0%         N/A       99%         3
 Frozen Ramparts          Ice            0%         1d1       99%         3
 Gell's Gravitas          Tloc           0%         N/A       99%         3
 Hailstorm                Conj/Ice       0%         3d3       99%         3
 Ignite Poison            Fire/Tmut/Pois 0%         N/A       99%         3
 Inner Flame              Hex/Fire       0%         N/A       99%         3
 Ozocubu's Armour         Ice            0%         N/A       99%         3
 Portal Projectile        Hex/Tloc       0%         N/A       99%         3
 Spider Form              Tmut/Pois      0%         N/A       99%         3
 Stone Arrow              Conj/Erth      0%         3d7       99%         3
 Swiftness                Air            0%         N/A       99%         3
 Teleport Other           Tloc           0%         N/A       99%         3
 Vhi's Electric Charge    Tloc/Air       0%         N/A       99%         3
 Volatile Blastmotes      Fire/Tloc      0%         2d10      99%         3
 Anguish                  Hex/Necr       0%         N/A       100%        4
 Cause Fear               Hex            0%         N/A       100%        4
 Dispel Undead            Necr           0%         3d6       100%        4
 Flame Wave               Conj/Fire      0%         2d4       100%        4
 Fulminant Prism          Conj/Hex       0%         3d5       100%        4
 Ice Form                 Ice/Tmut       0%         N/A       100%        4
 Iskenderun's Mystic Bla  Conj/Tloc      0%         2d3       100%        4
 Leda's Liquefaction      Hex/Erth       0%         N/A       100%        4
 Manifold Assault         Tloc           0%         N/A       100%        4
 Passage of Golubria      Tloc           0%         N/A       100%        4
 Petrify                  Tmut/Erth      0%         N/A       100%        4
 Agony                    Necr           0%         N/A       100%        5
 Alistair's Intoxication  Tmut/Pois      0%         N/A       100%        5
 Arcjolt                  Conj/Air       0%         1d10      100%        5
 Blade Hands              Tmut           0%         N/A       100%        5
 Borgnjor's Vile Clutch   Necr/Erth      0%         N/A       100%        5
 Fireball                 Conj/Fire      0%         3d3       100%        5
 Freezing Cloud           Conj/Ice/Air   0%         6-21      100%        5
 Irradiate                Conj/Tmut      0%         3d11      100%        5
 Lee's Rapid Deconstruct  Erth           0%         3d4*      100%        5
 Metabolic Englaciation   Hex/Ice        0%         N/A       100%        5
 Silence                  Hex/Air        0%         N/A       100%        5
 Yara's Violent Unravell  Hex/Tmut       0%         3d3       100%        5
 Statue Form              Tmut/Erth      0%         N/A       100%        6
 Enfeeble                 Hex            0%         N/A       100%        7
 Orb of Destruction       Conj           0%         9d5       100%        7
 Ozocubu's Refrigeration  Ice            0%         4d7       100%        7
 Storm Form               Tmut/Air       0%         N/A       100%        7
 Lehudib's Crystal Spear  Conj/Erth      0%         10d2      100%        8
 Maxwell's Capacitive Co  Air            0%         ∞         100%        8
 Necromutation            Tmut/Necr      0%         N/A       100%        8
 Polar Vortex             Ice            0%         N/A       100%        9
 Summon Small Mammal      Summ           Unusable   N/A       N/A         1
 Tukima's Dance           Hex            Unusable   N/A       N/A         3
 Animate Armour           Summ/Erth      Unusable   N/A       N/A         4
 Animate Dead             Necr           Unusable   N/A       N/A         4
 Summon Ice Beast         Ice/Summ       Unusable   N/A       N/A         4
 Death Channel            Necr           Unusable   N/A       N/A         6
 Simulacrum               Ice/Necr       Unusable   N/A       N/A         6
 Summon Cactus Giant      Summ           Unusable   N/A       N/A         6

Dungeon Overview and Level Annotations

Branches:
Dungeon (15/15)            Temple (1/1) D:5            Lair (5/5) D:11
 Shoals (4/4) Lair:2       Spider (4/4) Lair:3        Slime (5/5) Lair:5
    Orc (2/2) D:12            Elf (3/3) Orc:2        Vaults (5/5) D:14
  Crypt (0/3) Vaults:2     Depths (4/4) D:15            Zot (0/5) Depths:4
  Sewer (visited)           IceCv (visited)

Altars:
Ashenzari
Cheibriados
Dithmenos
Elyvilon
Fedhas
Gozag
Hepliaklqana
Kikubaaqudgha
Makhleb
Nemelex Xobeh
Okawaru
Qazlal
Ru
Sif Muna
Trog
Uskayaw
Vehumet
Wu Jian
Xom
Yredelemnul
Zin
The Shining One

Shops:
D:7 *   D:9 *   D:10 *   D:12 ?   D:15 (   Orc:2 (=![   Elf:2 :   Elf:3 :=
Shoals:2 !   Vaults:1 :   Vaults:2 ((   Vaults:3 :   Vaults:4 =   Depths:4 =:=

Portals:
Hell: Depths:1 Depths:2 Depths:3 Depths:4
Abyss: Depths:1 Depths:2 Depths:3
Pandemonium: Depths:1 Depths:2
Ziggurat: Depths:2
Trove: D:13 (give +7 demon blade)


Innate Abilities, Weirdness & Mutations

You have a pair of horns on your head.
You reflexively headbutt those who attack you in melee.
You are agile. (Dex +4, Str/Int -1)
You are frail. (-10% HP)
You frequently scream uncontrollably at your foes.


Message History

You are exhausted.
You feel yourself slow down.
You block the thrashing horror's attack.
SHROANNG!
You block the thrashing horror's attack.
PANG!
A chorus of shrieks assaults your mind.
* * * LOW HITPOINT WARNING * * *
A tentacle flies out from the starspawn's body!
A small abomination comes into view.
You block the starcursed mass's attack.
GONNNNG!
You hear an angry squeal.
You hear a roar! x2; You hear a shout!
You hear a roar! x4; You hear a bark!
A starspawn tentacle comes into view.
As you read the scroll of teleportation, it crumbles to dust.
You feel strangely unstable.
You feel the power of the Abyss delaying your translocation!
You feel ill. x2
A chorus of shrieks assaults your mind.
* * * LOW HITPOINT WARNING * * *
You block the ancient zyme's attack.
BONNNG!
The ancient zyme hits you but does no damage.
You block the hellephant's attack.
GONNNNG!
You block the hellephant's attack.
GONNNNG!
You block the hellephant's attack.
GONNNNG!
The starcursed mass touches you but does no damage.
You hear an angry squeal.
You hear a roar!
You hear a trumpeting!
You hear a bark! x3; You hear a roar!
You hear a bark! x2; You hear a roar!
You hear a shout!
You hear a roar!
You hear a loud rustle.
You feel much better. You block the ancient zyme's attack.
PTOANNNG!
You block the ancient zyme's attack.
GONNNNG!
The hellephant breathes flames at you. The blast of flame hits you!!!!
You die...

.#..X.. .⌠# #w...─ #
..# .X..# .... #...#
..# #X.X##..## #
#∩#4....# # #w
#XX#..# #.
.../G##XX####.#.# .
...#.<'##.xx@.......
. #X#'─ #..Y#.......
#*##'....x........
....... #......
#.#...... ......
..#..#.## .....#
....#.. #.... ... .#
..##


You could see a hellephant (catching breath), 4 starcursed masses, 2 tentacled
starspawn, 3 ancient zymes, a thrashing horror (strong), a chaos spawn and a
starspawn tentacle.

Vanquished Creatures
  the Royal Jelly (Slime:5)
  Dissolution (Slime:4)
  3 dread liches (Vaults:5)
  Mennas (Depths:4)
  A juggernaut (Depths:4)
  Sojobo (Vaults:3)
  Saint Roka (Elf:2)
  3 caustic shrikes (Depths:4)
  4 golden dragons
  Jory (Vaults:3)
  2 profane servitors
  Arachne (Spider:2)
  A bone dragon (Abyss:5)
  4 hellephants
  Zenata (Elf:2)
  Jorgrun (D:13)
  Rupert (D:15)
  6 tentacled monstrosities
  The ghost of Kaobra the Tortoise, an adept GnHW of Ashenzari (Elf:2)
  4 liches
  Mlioglotl (Shoals:1)
  A deep elf master archer (Elf:3)
  2 deep elf blademasters
  An Ice Fiend (IceCv)
  A titan (Vaults:5)
  A walking divine tome (Depths:4)
  An Executioner (Abyss:5)
  15 acid blobs
  A quicksilver dragon (Depths:2)
  10 tentacled starspawn
  Gastronok (D:9)
  10 sphinxes
  5 shadow dragons
  A thorn hunter (Abyss:4)
  4 storm dragons
  A draconian monk (Depths:4)
  13 azure jellies
  Ilsuiw (Shoals:4)
  Kirke (Shoals:3)
  10 tengu reavers
  6 fire giants
  8 rockslimes
  A draconian knight (Depths:4)
  6 emperor scorpions
  20 vault wardens
  Aizul (Elf:2)
  5 ghost moths
  3 spectral caustic shrikes (Depths:1)
  9 deep elf sorcerers
  11 frost giants
  A balrug (Abyss:2)
  A cacodemon (Abyss:5)
  A draconian stormcaller (Depths:4)
  The ghost of Aviun the Unseen, an adept SpEn of Kikubaaqudgha (Spider:3)
  7 deep elf elementalists (Elf:3)
  An orc warlord (Vaults:2)
  38 very ugly things
  4 war gargoyles
  2 broodmothers (Spider:4)
  6 quicksilver oozes
  20 ironbound preservers
  11 ironbound thunderhulks
  Nessos (D:15)
  2 vampire knights
  4 deep elf demonologists
  11 stone giants
  11 deep elf annihilators
  3 green draconians
  A bunyip (Abyss:6)
  2 yellow draconians (Depths:4)
  2 lorocyprocas
  4 spark wasps
  5 deep elf death magi
  3 crystal guardians
  15 ettins
  4 merfolk impalers
  A blizzard demon (Abyss:5)
  7 fire dragons
  7 merfolk javelineers
  24 yaktaur captains
  8 great orbs of eyes
  13 deep elf high priests
  5 entropy weavers
  7 rakshasas
  36 vault guards
  4 peacekeepers
  7 ice dragons
  A spriggan skeleton (Abyss:3)
  The ghost of purpleHaze the Fighter, a journeyman HuHu of Yredelemnul (Orc:1)
  6 hydras
  An ice dragon (shapeshifter) (Vaults:1)
  9 centaur warriors
  2 merfolk avatars
  A death knight (D:14)
  6 ogre magi
  2 alligator snapping turtles (Shoals:4)
  A catoblepas (Lair:5)
  5 spriggan air magi
  A two-headed ogre (shapeshifter) (Vaults:1)
  6 two-headed ogres
  A radroach (Spider:4)
  12 boulder beetles
  A jorogumo (Spider:1)
  3 satyrs
  7 merfolk aquamancers
  7 ironbound frosthearts
  32 dancing weapons
  A deep troll shaman (Depths:3)
  5 deep troll earth magi
  4 vampire magi
  5 hell hogs (Depths:3)
  7 spriggan berserkers
  An orc high priest (Elf:2)
  15 thrashing horrors
  Urug (D:11)
  6 death yaks (Lair:4)
  15 deep elf knights
  3 sun demons
  A hell knight (Depths:1)
  2 iron trolls
  A titan skeleton (Abyss:2)
  Sonja (Lair:4)
  16 wretched stars
  A shadow wraith (Vaults:5)
  5 skeletal warriors (D:14)
  7 skysharks
  8 pharaoh ants
  2 sun moths (Spider:4)
  6 sixfirhies
  A storm dragon skeleton (Vaults:3)
  5 glowing orange brains
  A death drake (shapeshifter) (D:15)
  3 flayed ghosts
  7 sea snakes
  An orb spider (shapeshifter) (Elf:3)
  52 deep trolls
  9 orb spiders
  A deep troll (shapeshifter) (Abyss:5)
  A bog body (IceCv)
  A bunyip skeleton (Abyss:2)
  A shadow demon (Abyss:2)
  8 spriggan simulacra
  4 orc knights
  14 deep elf archers
  A lindwurm (shapeshifter) (Depths:2)
  4 steelbarb worms
  An obsidian statue (IceCv)
  21 ironbound convokers
  7 wizards
  A mana viper (shapeshifter) (Vaults:1)
  4 phantasmal warriors
  8 necromancers
  A stone giant zombie (Vaults:4)
  A frost giant zombie (Vaults:2)
  25 deep elf pyromancers
  17 harpies
  26 deep elf zephyrmancers
  9 orc sorcerers
  11 wolf spiders
  12 lindwurms
  3 fauns (Shoals:2)
  5 cyclopes
  A fire giant zombie (Vaults:3)
  A wolf spider (shapeshifter) (Vaults:5)
  4 shining eyes
  25 ugly things
  16 manticores
  5 apocalypse crabs
  An iron dragon skeleton (Abyss:2)
  11 elephants
  A will-o-the-wisp (Abyss:5)
  6 moths of wrath
  2 fire giant skeletons
  2 eyes of devastation (Slime:5)
  42 starcursed masses
  8 merfolk sirens
  5 torpor snails
  6 water nymphs
  11 demonic crawlers
  6 black mambas
  A guardian serpent (shapeshifter) (Elf:3)
  A titan simulacrum (Vaults:4)
  A rust devil (D:13)
  23 vault sentinels
  4 smoke demons
  12 cane toads
  2 efreet
  6 freezing wraiths
  A hellion (Abyss:2)
  5 orange demons
  5 komodo dragons
  40 yaktaurs
  A kobold demonologist (D:12)
  12 rime drakes
  12 ancient zymes
  4 tengu conjurers
  2 anaconda simulacra (IceCv)
  17 merfolk
  A golden dragon simulacrum (IceCv)
  10 ice devils
  A queen bee (shapeshifter) (Vaults:1)
  A human skeleton (Vaults:3)
  6 meliai
  4 polar bears (Lair:5)
  3 meliai (shapeshifter)
  7 trolls
  27 tarantellas
  A tarantella (shapeshifter) (D:14)
  6 wind drakes
  Prince Ribbit (D:9)
  8 hornets
  10 blink frogs
  20 raiju
  A dream sheep (shapeshifter) (Vaults:5)
  8 snapping turtles
  13 dream sheep
  82 slime creatures
  5 flying skulls
  21 culicivoras
  32 large abominations
  14 spriggans
  8 ynoxinuls
  19 jumping spiders
  4 dire elephant simulacra (IceCv)
  3 shadows
  8 wyverns
  24 water elementals
  A vampire (D:10)
  48 yaks
  8 wraiths
  A steam dragon (D:7)
  7 air elementals
  5 hogs (Shoals:3)
  10 humans
  3 neqoxecs
  Grum (D:9)
  8 basilisks
  10 golden eyes
  A hog (shapeshifter) (Vaults:5)
  64 redbacks
  6 vampire mosquitoes (D:13)
  5 chaos spawn
  A glowing shapeshifter zombie (Vaults:4)
  2 wargs
  4 minotaur simulacra (IceCv)
  3 hydra simulacra (IceCv)
  Duvessa (D:4)
  10 water moccasins
  12 hell hounds
  A floating eye (Depths:4)
  Pargi (Sewer)
  19 orc warriors
  2 sky beasts
  An alligator simulacrum (IceCv)
  2 human zombies
  3 black bears (Lair:5)
  42 wolves
  7 ogres
  4 ice beasts
  6 centaurs
  5 boggarts (Lair:5)
  2 phantoms
  An elf simulacrum (Vaults:2)
  8 kobold brigands
  11 bullfrogs
  A gnoll sergeant (D:7)
  4 scorpions
  3 earth elementals
  15 deep troll simulacra (IceCv)
  Dowan (D:4)
  A lindwurm simulacrum (IceCv)
  5 electric eels
  13 small abominations
  2 crimson imps (D:13)
  4 quasits
  6 orc priests
  5 hounds
  4 iron imps (Abyss:2)
  3 jellies
  6 sleepcaps
  31 orc wizards
  11 hell rats
  11 adders
  9 gnolls
  2 river rats (D:4)
  3 shadow imps
  A white imp (D:6)
  4 ufetubi
  2 worms (D:4)
  2 dart slugs
  51 orcs
  7 bats
  7 endoplasms
  3 giant cockroaches (D:4)
  4 goblins
  6 hobgoblins
  4 jackals (D:5)
  4 quokkas
  2 ball pythons (D:3)
  6 frilled lizards
  13 kobolds
  4 rats
  A lurking horror (Abyss:2)
  10 starspawn tentacles
2201 creatures vanquished.

Vanquished Creatures (others)
  A tengu reaver (Vaults:3)
  A yaktaur captain (Vaults:3)
  A deep elf knight (Elf:2)
  2 deep elf pyromancers
  A large abomination (Abyss:5)
  A merfolk siren (Shoals:4)
  A yaktaur (Vaults:3)
  An ancient zyme (Abyss:5)
  A fire elemental (Elf:3)
  A human (D:14)
  An orc wizard (Vaults:5)
  6 foxfires (Abyss:5)
  A lurking horror (Abyss:5)
  A spectral weapon (Lair:4)
  16 starspawn tentacles
36 creatures vanquished.

Grand Total: 2237 creatures vanquished

Notes
Turn   | Place    | Note
-------+----------+-------------------------------------------
     0 | D:1      | ChadusMaximus the Minotaur Fighter began the quest for the
                  | Orb.
     0 | D:1      | Reached XP level 1. HP: 19/19 MP: 0/0
   309 | D:1      | Reached XP level 2. HP: 27/27 MP: 1/1
   649 | D:2      | Identified the +4 dagger of Saek {spect, Int+3}
   676 | D:2      | Reached XP level 3. HP: 33/33 MP: 2/2
   749 | D:2      | Reached XP level 4. HP: 38/40 MP: 3/3
   800 | D:2      | You fall into a shaft and drop 1 floor!
   973 | D:3      | Found an opulent altar of Gozag.
  1045 | D:3      | Found a hide-covered altar of Uskayaw.
  1228 | D:2      | Found a faded altar of an unknown god.
  1245 | D:2      | Reached XP level 5. HP: 6/47 MP: 4/4
  1665 | D:4      | Found a shadowy altar of Dithmenos.
  1869 | D:4      | Found a glowing drain.
  1886 | Sewer    | Entered a sewer
  1930 | Sewer    | Reached skill level 5 in Axes
  1930 | Sewer    | Reached XP level 6. HP: 50/55 MP: 5/5
  1974 | Sewer    | Noticed Pargi
  1980 | Sewer    | Killed Pargi
  1981 | Sewer    | Reached skill level 5 in Fighting
  1981 | Sewer    | Reached skill level 5 in Armour
  1981 | Sewer    | Reached skill level 5 in Shields
  2215 | D:4      | Reached XP level 7. HP: 61/61 MP: 6/6
  2761 | D:5      | Entered Level 5 of the Dungeon
  2762 | D:5      | Noticed Dowan
  2767 | D:5      | Noticed Duvessa
  2778 | D:4      | HP: 3/62 [Dowan/puff of frost (8)]
  3149 | D:5      | Found a broken altar of Ashenzari.
  3390 | D:5      | Reached XP level 8. HP: 34/70 MP: 7/7
  3605 | D:5      | Found a staircase to the Ecumenical Temple.
  4132 | D:6      | Found an ornate altar of the Wu Jian Council.
  4426 | D:6      | Found a sacrificial altar of Ru.
  4858 | D:7      | Reached XP level 9. HP: 65/79 MP: 8/8
  5358 | D:7      | Found Qyrer's Assorted Antiques.
  5363 | D:7      | Bought a runed buckler for 172 gold pieces
  5738 | Temple   | Entered the Ecumenical Temple
  5840 | Temple   | Became a worshipper of Warmaster Okawaru
  5884 | D:4      | Killed Duvessa
  5888 | D:4      | Killed Dowan
  5889 | D:4      | Reached skill level 1 in Invocations
  6214 | D:8      | Reached * piety under Okawaru
  6219 | D:8      | Reached skill level 10 in Axes
  6286 | D:8      | Found a radiant altar of Vehumet.
  6964 | D:9      | Noticed Prince Ribbit
  6966 | D:9      | Noticed Gastronok
  6976 | D:9      | Killed Prince Ribbit
  6990 | D:9      | Killed Gastronok
  6990 | D:9      | Reached ** piety under Okawaru
  6991 | D:9      | Reached XP level 10. HP: 73/90 MP: 9/12
  7051 | D:9      | Found Fityilu's Assorted Antiques.
  7494 | D:9      | Noticed Grum
  7565 | D:9      | Killed Grum
  7918 | D:9      | Reached *** piety under Okawaru
  7919 | D:9      | Reached skill level 5 in Invocations
  7980 | D:10     | Entered Level 10 of the Dungeon
  8079 | D:10     | Noticed a boulder beetle
  8098 | D:10     | Reached skill level 1 in Throwing
  8489 | D:10     | Killed a boulder beetle
  8593 | D:10     | Found a burning altar of Makhleb.
  8936 | D:10     | Found Zabouros's Assorted Antiques.
  8947 | D:10     | Found a snail-covered altar of Cheibriados.
  9190 | D:10     | Reached **** piety under Okawaru
  9452 | D:11     | Noticed a boulder beetle
  9464 | D:11     | Killed a boulder beetle
  9465 | D:11     | Reached XP level 11. HP: 81/97 MP: 13/13
  9683 | D:11     | Reached ***** piety under Okawaru
  9918 | D:11     | Received a gift from Okawaru
 10114 | D:11     | Noticed Urug
 10122 | D:11     | Killed Urug
 10409 | D:11     | Paralysed by a hornet for 1 turns
 10604 | D:11     | Found a staircase to the Lair.
 10857 | Lair:1   | Entered Level 1 of the Lair of Beasts
 11308 | Lair:1   | Reached skill level 10 in Shields
 11427 | Lair:1   | Reached skill level 10 in Fighting
 11427 | Lair:1   | Reached skill level 10 in Armour
 11798 | Lair:1   | Received a gift from Okawaru
 12513 | Lair:2   | Found a staircase to the Shoals.
 12513 | Lair:2   | Noticed a harpy
 12513 | Lair:2   | Noticed a harpy
 12515 | Lair:2   | Killed a harpy
 12522 | Lair:2   | Killed a harpy
 12990 | Lair:3   | Reached ****** piety under Okawaru
 13071 | Lair:3   | Found a hole to the Spider Nest.
 13078 | Lair:3   | Reached XP level 12. HP: 100/108 MP: 14/14
 13203 | Lair:3   | Received a gift from Okawaru
 13369 | Lair:3   | Received a gift from Okawaru
 13909 | Lair:3   | Reached skill level 15 in Axes
 14060 | Lair:3   | Identified the +2 cloak of Emyn {rPois} (Okawaru gifted it
                  | to you on level 3 of the Lair of Beasts)
 14060 | Lair:3   | Received a gift from Okawaru
 14432 | Lair:4   | Noticed a death yak
 14432 | Lair:4   | Noticed a death yak
 14432 | Lair:4   | Noticed a death yak
 14432 | Lair:4   | Noticed a death yak
 14432 | Lair:4   | Noticed a death yak
 14432 | Lair:4   | Noticed a death yak
 14438 | Lair:4   | Killed a death yak
 14440 | Lair:4   | Killed a death yak
 14440 | Lair:4   | Killed a death yak
 14441 | Lair:4   | Killed a death yak
 14442 | Lair:4   | Killed a death yak
 14443 | Lair:4   | Killed a death yak
 14470 | Lair:4   | Reached XP level 13. HP: 93/117 MP: 12/15
 14493 | Lair:4   | Received a gift from Okawaru
 14762 | Lair:4   | Received a gift from Okawaru
 15244 | Lair:4   | Noticed Sonja
 15257 | Lair:4   | Killed Sonja
 15641 | Lair:5   | Entered Level 5 of the Lair of Beasts
 15715 | Lair:5   | Received a gift from Okawaru
 15845 | Lair:5   | Identified the +0 leather armour "Zase" {-Cast rCorr Str+3}
 15857 | Lair:5   | Received a gift from Okawaru
 16464 | Lair:5   | Reached XP level 14. HP: 123/129 MP: 16/16
 16471 | Lair:5   | Received a gift from Okawaru
 17074 | Lair:5   | Found a staircase to the Slime Pits.
 17862 | D:12     | Identified the +2 war axe of the Inferno {elec, Fly rElec}
 18064 | D:12     | Found Honid's Magic Scroll Emporium.
 18067 | D:12     | Bought a scroll of acquirement for 728 gold pieces
 18070 | D:12     | Acquired the +3 pair of seven-league boots {Rampage+∞}
 18070 | D:12     | Found the +3 pair of seven-league boots {Rampage+∞}
 18160 | D:12     | Found a staircase to the Orcish Mines.
 18673 | D:13     | Noticed Jorgrun
 18682 | D:13     | Killed Jorgrun
 18848 | D:13     | Identified the +6 plate armour "Bosouxyegu" {rC- Str+5}
                  | (Okawaru gifted it to you on level 13 of the Dungeon)
 18848 | D:13     | Received a gift from Okawaru
 19195 | D:13     | Found a portal to a secret trove of treasure.
 20058 | D:14     | Reached XP level 15. HP: 139/139 MP: 17/17
 20061 | D:14     | HP: 2/139 [mirror damage (33)]
 20928 | D:14     | Found a gate to the Vaults.
 21020 | D:15     | Entered Level 15 of the Dungeon
 21192 | D:15     | Noticed Rupert
 21193 | D:15     | Received a gift from Okawaru
 21194 | D:15     | Reached skill level 5 in Throwing
 21199 | D:15     | Paralysed by Rupert for 5 turns
 21205 | D:15     | Killed Rupert
 21478 | D:15     | Found Ulosmoto's Antique Weapon Boutique.
 21906 | D:15     | Found a staircase to the Depths.
 22082 | D:15     | Noticed Nessos
 22087 | D:15     | Killed Nessos
 22337 | Orc:1    | Entered Level 1 of the Orcish Mines
 22424 | Orc:2    | Entered Level 2 of the Orcish Mines
 22424 | Orc:2    | Found a staircase to the Elven Halls.
 22848 | Orc:2    | Received a gift from Okawaru
 22882 | Orc:2    | Found Lunen's Antique Armour Emporium.
 22902 | Orc:2    | Found a radiant altar of Vehumet.
 22909 | Orc:2    | Reached skill level 15 in Shields
 22909 | Orc:2    | Found Pofryneu's Jewellery Shoppe.
 22910 | Orc:2    | Reached skill level 15 in Fighting
 22943 | Orc:2    | Found an ancient bone altar of Kikubaaqudgha.
 23080 | Orc:2    | Paralysed by an orc sorcerer for 4 turns
 23086 | Orc:2    | Reached skill level 15 in Armour
 23086 | Orc:2    | Found Yhueneim's Distillery.
 23100 | Orc:2    | Found Yfahes's Antique Weapon Emporium.
 23474 | Orc:1    | Found a runed translucent door.
 23474 | Orc:1    | Noticed purpleHaze's ghost (journeyman HuHu)
 23508 | Orc:1    | Paralysed by an orc sorcerer for 4 turns
 23695 | Orc:1    | Killed purpleHaze's ghost
 23695 | Orc:1    | Identified the +2 ring mail of Loss {rC+ Regen+ Str+3}
                  | (Okawaru gifted it to you on level 1 of the Orcish Mines)
 23695 | Orc:1    | Received a gift from Okawaru
 23965 | Shoals:1 | Entered Level 1 of the Shoals
 24150 | Shoals:1 | Noticed Mlioglotl
 24161 | Shoals:1 | Killed Mlioglotl
 25284 | Shoals:2 | Reached XP level 16. HP: 140/149 MP: 18/18
 25361 | Shoals:2 | Found Veocw's Distillery.
 26072 | Shoals:3 | Found an ornate altar of the Wu Jian Council.
 26072 | Shoals:3 | Noticed Kirke
 26076 | Shoals:3 | Noticed a sphinx
 26081 | Shoals:3 | Killed Kirke
 26267 | Shoals:3 | Identified the +3 broad axe of Fortitude {pain, Str+4}
                  | (Okawaru gifted it to you on level 3 of the Shoals)
 26267 | Shoals:3 | Received a gift from Okawaru
 26766 | Shoals:4 | Entered Level 4 of the Shoals
 27354 | Shoals:4 | Noticed Ilsuiw
 27357 | Shoals:4 | Received a gift from Okawaru
 27365 | Shoals:4 | Received a gift from Okawaru
 27855 | Shoals:4 | Received a gift from Okawaru
 27889 | Shoals:4 | Killed Ilsuiw
 27979 | Shoals:4 | Identified the +6 battleaxe "Killer Klown's Bane"
                  | {antimagic, rF+}
 28598 | Shoals:4 | Identified the +1 hat "Otuubeips" {Str+6} (Okawaru gifted
                  | it to you on level 4 of the Shoals)
 28598 | Shoals:4 | Received a gift from Okawaru
 28845 | Shoals:4 | Got a barnacled rune of Zot
 29243 | Vaults:1 | Entered Level 1 of the Vaults
 29268 | Vaults:1 | Paralysed by a great orb of eyes for 4 turns
 29443 | Vaults:1 | Reached XP level 17. HP: 124/158 MP: 19/19
 29447 | Vaults:1 | Reached skill level 10 in Throwing
 29465 | Vaults:1 | Received a gift from Okawaru
 30262 | Vaults:1 | Found Qoopaisk's Book Shoppe.
 30294 | Vaults:1 | Bought a manual of Fighting for 1520 gold pieces
 30378 | Vaults:1 | Received a gift from Okawaru
 31402 | Vaults:2 | Identified the +4 ring mail of Bitterness {rF++ Str+4 Dex+2
                  | Slay-6} (Okawaru gifted it to you on level 2 of the Vaults)
 31402 | Vaults:2 | Received a gift from Okawaru
 31540 | Vaults:2 | Got Neniw's Cyclopedia of Doom
 31556 | Vaults:2 | Got Sif Muna's Elucidation of Changes and Blasting
 31710 | Vaults:2 | Paralysed by a sphinx for 2 turns
 32045 | Vaults:2 | Received a gift from Okawaru
 32099 | Vaults:2 | Reached XP level 18. HP: 108/170 MP: 22/22
 32232 | Vaults:2 | Found Reluawus's Weapon Boutique.
 32373 | Vaults:2 | Found a staircase to the Crypt.
 32786 | Vaults:2 | Paralysed by a great orb of eyes for 3 turns
 33130 | Vaults:2 | Found Zoesei's Antique Weapon Boutique.
 33215 | Vaults:2 | Received a gift from Okawaru
 33533 | Vaults:3 | Found Wuttiwnum's Book Shop.
 33844 | Vaults:3 | Received a gift from Okawaru
 33981 | Vaults:3 | Received a gift from Okawaru
 34060 | Vaults:3 | Received a gift from Okawaru
 34168 | Vaults:3 | Received a gift from Okawaru
 34189 | Vaults:3 | Noticed Jory
 34195 | Vaults:3 | Noticed Sojobo
 34204 | Vaults:3 | Killed Jory
 34209 | Vaults:3 | Paralysed by an air elemental for 1 turns
 34216 | Vaults:3 | Killed Sojobo
 34504 | Vaults:3 | Noticed a tentacled monstrosity
 34508 | Vaults:3 | Identified the +4 gold dragon scales "Myivoliaso" {rElec
                  | rPois rF+ rC+ Will+ Dex-3} (Okawaru gifted it to you on
                  | level 3 of the Vaults)
 34508 | Vaults:3 | Received a gift from Okawaru
 34516 | Vaults:3 | Killed a tentacled monstrosity
 34528 | Vaults:3 | Identified the +1 quarterstaff "Kunit" {flame, Drain rElec
                  | rPois}
 34587 | Vaults:3 | Identified the staff of air "Cafos" {rElec rF+ rC+ Int+4}
 34984 | Vaults:4 | Found Juedulin's Jewellery Emporium.
 35116 | Vaults:4 | Identified the +6 short sword "Duqemnis" {heavy, rF+}
 35137 | Vaults:4 | Reached skill level 10 in Invocations
 35308 | Vaults:4 | Reached XP level 19. HP: 182/182 MP: 25/25
 35597 | Vaults:4 | Noticed a golden dragon
 35626 | Vaults:4 | Received a gift from Okawaru
 36129 | Vaults:4 | Received a gift from Okawaru
 36323 | Vaults:3 | Received a gift from Okawaru
 36986 | Vaults:4 | Identified the ring of the Ancients {rC+ MP+9 Int+2 Dex-2
                  | SInv}
 37712 | Spider:1 | Entered Level 1 of the Spider Nest
 38982 | Spider:2 | Noticed Arachne
 38997 | Spider:2 | Killed Arachne
 38997 | Spider:2 | Received a gift from Okawaru
 39136 | Spider:2 | Identified the +7 battleaxe of Rubbish {spect, rPois}
                  | (Okawaru gifted it to you on level 2 of the Spider Nest)
 39136 | Spider:2 | Received a gift from Okawaru
 40145 | Spider:3 | Found a frozen archway.
 40158 | IceCv    | Entered an ice cave
 40383 | IceCv    | Identified the +1 mace "Bantoc" {vamp, MP+9}
 40456 | IceCv    | Received a gift from Okawaru
 40731 | IceCv    | Reached XP level 20. HP: 171/195 MP: 27/27
 40833 | IceCv    | Received a gift from Okawaru
 40910 | IceCv    | Found the brooch of Shielding {Spirit SH+8}
 41452 | Spider:4 | Entered Level 4 of the Spider Nest
 41627 | Spider:4 | Received a gift from Okawaru
 42178 | Spider:4 | Got a gossamer rune of Zot
 42816 | Spider:3 | Found a runed translucent door.
 42900 | Spider:3 | Found a transporter.
 42952 | Spider:3 | Found a transporter.
 43026 | Spider:3 | Noticed Aviun's ghost (adept SpEn)
 43049 | Spider:3 | Killed Aviun's ghost
 43309 | Spider:3 | Identified the +6 broad axe "Dischifisk" {drain, Fly}
                  | (Okawaru gifted it to you on level 3 of the Spider Nest)
 43309 | Spider:3 | Received a gift from Okawaru
 43332 | Spider:3 | Got the +1 pair of boots of Sin {rElec rCorr Str+4}
 43600 | Elf:1    | Entered Level 1 of the Elven Halls
 43606 | Elf:1    | Paralysed by an air elemental for 1 turns
 44264 | Elf:1    | Paralysed by an air elemental for 1 turns
 44301 | Elf:1    | Identified the +0 robe "Bytu" {rF+} (Okawaru gifted it to
                  | you on level 1 of the Elven Halls)
 44301 | Elf:1    | Received a gift from Okawaru
 44907 | Elf:2    | Noticed Saint Roka
 45203 | Elf:2    | Killed Saint Roka
 45282 | Elf:2    | Found Askytowk's Book Shop.
 45319 | Elf:2    | Found a runed translucent door.
 45320 | Elf:2    | Noticed Kaobra's ghost (adept GnHW)
 45491 | Elf:2    | Paralysed by an air elemental for 1 turns
 45551 | Elf:2    | Noticed Aizul
 45573 | Elf:2    | Killed Aizul
 45759 | Elf:2    | Found a runed translucent gate.
 45760 | Elf:2    | Found a runed translucent gate.
 45760 | Elf:2    | Found a runed translucent gate.
 45893 | Elf:2    | Noticed Zenata
 45913 | Elf:2    | Killed Zenata
 45925 | Elf:2    | Reached XP level 21. HP: 115/207 MP: 29/29
 46322 | Elf:2    | Received a gift from Okawaru
 46573 | Elf:2    | Killed Kaobra's ghost
 46610 | Elf:3    | Entered Level 3 of the Elven Halls
 46786 | Elf:3    | Found Wanawn's Jewellery Boutique.
 46819 | Elf:3    | Found Apreb's Book Shoppe.
 46934 | Elf:3    | Received a gift from Okawaru
 46957 | Elf:3    | Identified the +7 long sword of Ler Foch {vamp, rPois Int+3
                  | Stlth-}
 47115 | Elf:3    | Paralysed by an air elemental for 1 turns
 47162 | Elf:3    | Identified the +3 rapier "Ajacer" {antimagic, Drain rF+
                  | Str+4 Int-5} (Okawaru gifted it to you on level 3 of the
                  | Elven Halls)
 47162 | Elf:3    | Received a gift from Okawaru
 47928 | Elf:3    | Received a gift from Okawaru
 48236 | Elf:3    | Identified the staff of poison "Moisa" {+Blink rPois Str+2
                  | Int+3}
 48245 | Elf:3    | Identified the staff of poison "Zalaid" {rPois MP+9}
 48285 | Elf:3    | Identified the +1 plate armour of the Mind {rC++ rCorr}
 48287 | Elf:3    | Identified the +9 morningstar "Torapp" {drain, Int+5}
 48288 | Elf:3    | Identified the staff of conjuration "Heohi" {rC+ Int-5
                  | Stlth+}
 48292 | Elf:3    | Identified the +8 long sword "Xippafy" {heavy, rC+ Int+5}
 48300 | Elf:3    | Identified the ring of Honesty {rPois rF- Will+ AC+4 Dex+2}
 48301 | Elf:3    | Identified the +8 dagger "Isomefen" {protect, +Blink rF++}
 48302 | Elf:3    | Identified the +5 quarterstaff of Circularity {pain, rPois
                  | rN++}
 48304 | Elf:3    | Identified the staff of earth "Neoqomee" {Will+}
 48312 | Elf:3    | Identified the +6 short sword of the Empty Page {flame,
                  | Int+4}
 48591 | Elf:3    | Got the Notes on Shaping and the Jaunt
 48672 | Elf:3    | Identified the +4 rapier of the Undead {speed, rPois rCorr
                  | Stlth+}
 49137 | Depths:1 | Entered Level 1 of the Depths
 49301 | Depths:1 | Found a gateway to Hell.
 49900 | Depths:1 | Identified the +0 ring mail of Failure {Drain rPois Dex+5
                  | SInv} (Okawaru gifted it to you on level 1 of the Depths)
 49900 | Depths:1 | Received a gift from Okawaru
 50138 | Depths:1 | Reached XP level 22. HP: 205/220 MP: 31/31
 50175 | Depths:1 | Found a one-way gate leading to the halls of Pandemonium.
 50478 | Depths:1 | Found a one-way gate to the infinite horrors of the Abyss.
 50674 | Depths:2 | Found a one-way gateway to a ziggurat.
 51161 | Depths:2 | Identified the +6 war axe of the Morning {vamp, rF+ Dex+4}
 51231 | Depths:2 | Identified the +7 hand axe "Gojacuwk" {speed, Fly rC+
                  | Stlth+} (Okawaru gifted it to you on level 2 of the Depths)
 51231 | Depths:2 | Received a gift from Okawaru
 52384 | Depths:3 | Received a gift from Okawaru
 52610 | Depths:3 | Identified the +9 plate armour of Baldness {Regen+ Str+3
                  | Int-3}
 52656 | Depths:3 | Noticed a golden dragon
 52665 | Depths:3 | Killed a golden dragon
 52682 | Depths:3 | Identified the +5 rapier of Bloodstone {venom, Int+4 Dex+2}
 52818 | Depths:3 | Found a hide-covered altar of Uskayaw.
 52879 | Depths:3 | Received a gift from Okawaru
 53653 | Depths:4 | Entered Level 4 of the Depths
 53677 | Depths:4 | Noticed a golden dragon
 53682 | Depths:4 | Killed a golden dragon
 53724 | Depths:4 | Noticed Mennas
 54340 | Depths:4 | Noticed a caustic shrike
 54341 | Depths:4 | Noticed a caustic shrike
 54341 | Depths:4 | Noticed a caustic shrike
 54352 | Depths:4 | Killed a caustic shrike
 54356 | Depths:4 | Killed a caustic shrike
 54358 | Depths:4 | Killed a caustic shrike
 54438 | Depths:4 | Found the +18 shield of the Gong {Loud rN+ Will+ rCorr
                  | EV-5}
 54794 | Depths:4 | Killed Mennas
 54794 | Depths:4 | Received a gift from Okawaru
 54827 | Depths:4 | Reached XP level 23. HP: 165/232 MP: 30/32
 54834 | Depths:4 | Found a gate to the Realm of Zot.
 55005 | Depths:4 | Found Ucretsut's Jewellery Boutique.
 55006 | Depths:4 | Found Wetsenwae's Book Emporium.
 55007 | Depths:4 | Found Eposev's Jewellery Boutique.
 55153 | Depths:4 | Noticed a juggernaut
 55164 | Depths:4 | Killed a juggernaut
 56352 | Depths:4 | Acquired 874 gold pieces
 56715 | Slime:1  | Entered Level 1 of the Pits of Slime
 56726 | Slime:1  | Gained mutation: You occasionally shout uncontrollably at
                  | your foes. [a shining eye]
 56777 | Slime:3  | Noticed Dissolution
 56783 | Slime:3  | Paralysed by a floating eye for 2 turns
 56789 | Slime:3  | Paralysed by a floating eye for 3 turns
 56800 | Slime:4  | Killed Dissolution
 56804 | Slime:4  | Received a gift from Okawaru
 56941 | Slime:5  | Entered Level 5 of the Pits of Slime
 56966 | Slime:5  | Gained mutation: You frequently scream uncontrollably at
                  | your foes. [a shining eye]
 56973 | Slime:5  | Received a gift from Okawaru
 56975 | Slime:5  | Noticed the Royal Jelly
 56982 | Slime:5  | Gained mutation: Your spells are a little easier to cast,
                  | but a little less powerful. [a shining eye]
 56985 | Slime:4  | Gained mutation: You occasionally lose the ability to read
                  | scrolls when taking damage. [a shining eye]
 56987 | Slime:4  | Received a gift from Okawaru
 57312 | Slime:5  | Killed the Royal Jelly
 57882 | Slime:5  | Identified the staff of air "Pudwyom" {rElec Str+3 Int-4
                  | Dex+3}
 57886 | Slime:5  | Identified the ring "Etsov" {rCorr SInv Stlth+}
 57889 | Slime:5  | Got a slimy rune of Zot
 57896 | Slime:5  | Got the Directory of Dramatic Exits
 57953 | Slime:5  | Identified the +3 battleaxe "Fariul" {flame, Dex+2}
 57980 | Slime:5  | Identified the +0 ring mail "Vytushra" {Str+3}
 58530 | Slime:1  | HP: 11/234 [azure jelly (8)]
 58540 | Slime:1  | Received a gift from Okawaru
 59286 | Vaults:5 | Entered Level 5 of the Vaults
 59295 | Vaults:4 | Lost mutation: You occasionally lose the ability to read
                  | scrolls when taking damage. [potion of mutation]
 59295 | Vaults:4 | Lost mutation: You frequently scream uncontrollably at your
                  | foes. [potion of mutation]
 59295 | Vaults:4 | Gained mutation: You are frail. (-10% HP) [potion of
                  | mutation]
 59295 | Vaults:4 | Gained mutation: You have a pair of large horns on your
                  | head. [potion of mutation]
 59296 | Vaults:4 | Lost mutation: Your spells are a little easier to cast, but
                  | a little less powerful. [potion of mutation]
 59296 | Vaults:4 | Lost mutation: You are frail. (-10% HP) [potion of
                  | mutation]
 59296 | Vaults:4 | Lost mutation: You have a pair of large horns on your head.
                  | [potion of mutation]
 59296 | Vaults:4 | Gained mutation: You are agile. (Dex +4, Str/Int -1)
                  | [potion of mutation]
 59296 | Vaults:4 | Gained mutation: You have supernaturally acute eyesight.
                  | (SInv) [potion of mutation]
 59312 | Vaults:5 | Identified the +2 plate armour "Zanuskos" {Will+} (Okawaru
                  | gifted it to you on level 5 of the Vaults)
 59312 | Vaults:5 | Received a gift from Okawaru
 59325 | Vaults:5 | Reached skill level 15 in Throwing
 59348 | Arena    | Entered the Arena
 59377 | Vaults:4 | Reached skill level 27 in Axes
 61067 | Vaults:5 | Received a gift from Okawaru
 61068 | Vaults:5 | Reached XP level 24. HP: 217/245 MP: 32/32
 61339 | Vaults:5 | Identified the +7 hand axe of Asen {antimagic, *Rage Will+
                  | SInv}
 61389 | Vaults:5 | Received a gift from Okawaru
 61685 | Vaults:5 | Identified the staff of cold "Wamyod" {Fly rC+ Dex+4}
 61716 | Vaults:5 | Noticed a dread lich
 61719 | Vaults:5 | Noticed a dread lich
 61730 | Vaults:5 | Killed a dread lich
 61730 | Vaults:5 | Killed a dread lich
 61977 | Vaults:5 | Noticed a dread lich
 61984 | Vaults:5 | Killed a dread lich
 62057 | Vaults:5 | Identified the ring "Wiubbuer" {rF- rCorr MP+9 EV+5 Dex-4}
 62107 | Vaults:5 | Found the +8 Vampire's Tooth {megavamp}
 62354 | Vaults:5 | Got a silver rune of Zot
 62829 | Depths:1 | Voluntarily entered the Abyss.
 63050 | Abyss:2  | Received a gift from Okawaru
 63059 | Abyss:2  | Found a corrupted altar of Lugonu.
 63121 | Abyss:2  | Gained mutation: You are frail. (-10% HP) [a shining eye]
 63122 | Abyss:2  | Gained mutation: You are strong-willed. (Will+) [a shining
                  | eye]
 63177 | Abyss:2  | Found a corrupted altar of Lugonu.
 63323 | Abyss:2  | Received a gift from Okawaru
 63557 | Abyss:2  | Lost intelligence.
 63566 | Abyss:2  | Received a gift from Okawaru
 63623 | Abyss:3  | Found a corrupted altar of Lugonu.
 63650 | Abyss:3  | Lost mutation: You are strong-willed. (Will+) [potion of
                  | mutation]
 63650 | Abyss:3  | Lost mutation: You have supernaturally acute eyesight.
                  | (SInv) [potion of mutation]
 63671 | Abyss:3  | Received a gift from Okawaru
 63790 | Abyss:3  | Lost intelligence.
 63845 | Arena    | Entered the Arena
 64179 | Abyss:5  | Paralysed by accursed screaming for 2 turns
 64188 | Abyss:5  | Paralysed by accursed screaming for 1 turns
 64208 | Abyss:5  | Gained mutation: You frequently scream uncontrollably at
                  | your foes. [a cacodemon]
 64379 | Abyss:5  | Reached XP level 25. HP: 88/229 MP: 32/32
 64692 | Abyss:5  | Noticed a dread lich
 64700 | Abyss:5  | Reached skill level 27 in Fighting
 64815 | Abyss:6  | Paralysed by accursed screaming for 1 turns
 64820 | Abyss:6  | Received a gift from Okawaru
 64833 | Abyss:6  | Killed from afar by a hellephant

Illustrated notes

Levels and vault maps discovered:
D:1:      tarquinn_simple_flora_water_d, layout_basic, minmay_heptomino_l4
D:2:      layout_basic, hellmonk_ecumenical_altar_blasted
D:3:      layout_basic, general_overflow_altar, lemuel_doored_altar
D:4:      layout_loops_ring, mainiacjoe_overflow_tiny_flanked,
          gup_sewer_entry_bubbles, minmay_divided_ellipse
D:5:      layout_loops_corners, cheibrodos_ashenzari_chains,
          minmay_temple_entry_trees, minmay_diced_spiral, uniq_duvessa
D:6:      layout_rooms, nicolae_overflow_hidden_temple,
          nicolae_ru_the_path_less_chosen
D:7:      layout_basic, serial_shops, kennysheep_little_box
D:8:      layout_loops_ring, lemuel_crystal_altar
D:9:      layout_basic, serial_shops, shop, uniq_prince_ribbit1, uniq_gastronok,
          uniq_grum
D:10:     layout_gridville, kennysheep_mini_moat,
          nicolae_overflow_crystal_walls, serial_shops,
          nicolae_shop_real_fake_doors, amcnicky_mini_pool_small,
          minmay_rotating_lava
D:11:     layout_basic, lair_entry_dummy, uniq_urug
D:12:     layout_basic, orc_0_dummy, serial_shops,
          nicolae_shop_tiny_real_fake_doors, serial_corexii_hall,
          corexii_hall_statues_l, chequers_hall_statues_wall_a
D:13:     kennysheep_demon_hangout, layout_irregular_city,
          nicolae_trove_entry_crystal, uniq_jorgrun
D:14:     layout_loops_corners, ximxim_vaults_locker_room, serial_glass,
          glass_columns_a, glass_columns_a, nicolae_straight_to_the_point
D:15:     gammafunk_enter_depths_forms, layout_loops_corners, serial_shops,
          nicolae_lakefront_shop, skrybe_limestone_x, water_boxes_lemuel,
          uniq_nessos, uniq_rupert
Temple:   hellmonk_temple_forest_ring
Lair:1:   layout_hall_layers, serial_bayou_shore_a
Lair:2:   layout_roguey, nicolae_shoals_entry_roost,
          chequers_serial_rivers_small_3, st_stairs_4
Lair:3:   layout_regular_city, hellmonk_spider_entry_life_and_decay
Lair:4:   hellmonk_destroyed_diamonds, layout_small_grid, special_room
          [special_room_mythical_zoo], serial_bayou_shore_b, uniq_sonja
Lair:5:   minmay_lair_end_enchanted_forest, layout_hall_layers, slime_entry_1
Shoals:1: layout_shoals, uniq_mlioglotl
Shoals:2: layout_shoals, nicolae_stop_n_shop_2, st_sunken_huts
Shoals:3: layout_shoals, lemuel_altar_in_water,
          nicolae_shoals_lost_giant_temple, uniq_kirke
Shoals:4: shoals_end_simple, layout_shoals, shoal_ilsuiw
Spider:1: layout_chambers, nicolae_spider_baby_got_redback
Spider:2: layout_chambers, nicolae_spider_not_touching_you,
          hangedman_spider_tarantella_strand, uniq_arachne
Spider:3: gammafunk_boulding_lane, ebering_ghost_reflecting_pool,
          portal_ice_cave_entry_pillars_1
Spider:4: guppyfry_spider_rune
Slime:1:  layout_caves
Slime:2:  layout_caves
Slime:3:  layout_caves, uniq_dissolution
Slime:4:  layout_caves
Slime:5
Orc:1:    layout_caves, hellmonk_ghost_happy_afterlife
Orc:2:    kennysheep_orc_mage_school, layout_diamond_mine, basic_altar
Elf:1:    nicolae_elf_arrival_aired_out, layout_gridlike,
          hangedman_elf_represent, kilobyte_mutagenic_chamber
Elf:2:    nicolae_elf_blades_crystal_corner, layout_geoelf_octagon,
          serial_shops, nicolae_shop_pleasant_corner_grove, serial_sigils,
          serial_sigils_hangedman_clutch, serial_sigils_hangedman_shear,
          serial_sigils_hangedman_quiver, serial_sigils_hangedman_stare,
          serial_sigils_hangedman_quiver, gammafunk_ghost_grave, uniq_zenata,
          uniq_saint_roka, uniq_aizul
Elf:3:    minmay_elf_hall_hex, layout_onion_city, serial_shops, shop,
          nicolae_shop_behind_doors, feat_on_display
Vaults:1: v_misc_30, nicolae_vaults_loss_of_containment,
          vaults_standard_mumra_x, vaults_mumra_minichess_inversion,
          nicolae_vaults_wine_cellar, nicolae_vaults_windows_and_doors_thing,
          ontoclasm_vaults_ring_small, layout_vaults_omnigrid, serial_shops,
          shop_statue
Vaults:2: vaults_mumra_hex, nicolae_vaults_library_corner,
          ontoclasm_vaults_pinch, nicolae_vaults_taking_the_gang_shopping,
          minmay_crypt_entry_simple_statues, nicolae_vaults_little_squares_2,
          nicolae_vaults_network_quinsquares
          [nicolae_vaults_network_quincunx_subvault,
          nicolae_vaults_network_quincunx_subvault,
          nicolae_vaults_network_quincunx_subvault,
          nicolae_vaults_network_quincunx_subvault],
          nicolae_vaults_ninety_degrees, ontoclasm_vaults_shuriken,
          layout_vaults_big_room, serial_shops, shop
Vaults:3: grunt_vaults_twisty, vaults_room_corners,
          nicolae_vaults_shrinking_rooms_2, nicolae_vaults_trapezoid_layered,
          st_hourglassy, ontoclasm_vaults_misaligned,
          nicolae_vaults_trapezoid_lopsided_3, nicolae_vaults_octothorpe,
          vaults_room_door_hall, hangedman_vaults_hat, v_misc_27,
          grunt_vaults_hallway_long, nicolae_vaults_diagonal_hallway_8,
          layout_vaults_maze_snakey, serial_shops, shop, uniq_sojobo, uniq_jory
Vaults:4: nicolae_vaults_storage_closets_1, nicolae_vaults_little_squares_6,
          nicolae_vaults_closet_pinwheel_6, ontoclasm_vaults_claustrophobia,
          nicolae_vaults_closet_pinwheel_2, vaults_room_stairs_pillars,
          v_misc_32, hangedman_vaults_trim, hangedman_vaults_stitches,
          nicolae_vaults_specimen_jars, nicolae_vaults_trapezoid_4, v_misc_19,
          st_eye, hangedman_vaults_corner_blocks, v_alt_pattern_3,
          ontoclasm_vaults_ligature, layout_vaults_omnibox, serial_shops,
          nicolae_shop_pleasant_corner_grove
Vaults:5
Depths:1: minmay_bubble_buster, layout_honeycomb, pf_hell_entry_tar_river,
          pan_entry, abyss_entry, minmay_misc_feat_roman, lemuel_freeze_loot_1
Depths:2: hangedman_arch_fort, layout_cave_shapes, enter_ziggurat_d,
          abyss_entry, hell_entry, rand_demon_pan_entry_5,
          grunt_decor_mini_mirrors
Depths:3: kennysheep_scales, layout_cave_pools, grunt_hell_horde,
          hangedman_decor_riveting, abyss_entry, dancing_weapons_uskayaw
Depths:4: grunt_zot_entry_bicorn, layout_honeycomb, hell_entry,
          minmay_shop_grove, uniq_mennas
Abyss:6:  base: Slime:5, nicolae_abyss_rune_star_stuff

Skill      XL: |  1  2  3  4  5  6  7  8  9 10 11 12 13 14 15 16 17 18 19 20 21 22 23 24 25 |
---------------+----------------------------------------------------------------------------+-----
Axes           | 3 4 5 6 7 9 11 12 13 15 17 19 20 21 22 23 24 25 26 27 | 27.0
Fighting       | 4 5 6 7 8 9 10 11 13 14 15 16 17 19 20 22 23 24 25 26 27 | 27.0
Armour         | 4 5 6 7 8 9 10 11 13 14 15 16 17 18 20 21 22 23 24 | 24.6
Shields        | 4 5 6 7 8 9 10 11 13 14 15 16 17 18 19 20 21 22 23 | 23.7
Invocations    | 4 5 7 10 11 12 14 | 14.0
Throwing       | 3 4 7 9 10 11 13 15 17 | 17.5

Action                     |  1- 3 |  4- 6 |  7- 9 | 10-12 | 13-15 | 16-18 | 19-21 | 22-24 | 25-27 || total
---------------------------+-------+-------+-------+-------+-------+-------+-------+-------+-------++-------
  Melee: War axe           |    52 |   126 |   241 |   147 |   109 |   292 |       |       |       ||   967
         Headbutt          |     7 |    23 |    51 |    83 |   187 |   265 |   291 |   365 |    36 ||  1308
         Unarmed           |       |       |       |    11 |       |       |       |       |       ||    11
         Broad axe         |       |       |       |   175 |   596 |   636 |  1308 |  1361 |   118 ||  4194
  Throw: Boomerang         |       |       |       |    13 |       |       |    18 |    80 |    33 ||   144
         Javelin           |       |       |       |       |    17 |    20 |    51 |    44 |       ||   132
 Invoke: Heroism           |       |       |     1 |     6 |     8 |    11 |    18 |    27 |     2 ||    73
         Finesse           |       |       |       |       |       |     2 |     2 |     8 |     1 ||    13
         Duel              |       |       |       |       |       |       |       |     2 |       ||     2
  Evoke: Wand              |       |       |       |       |       |       |       |     3 |     1 ||     4
    Use: Scroll            |       |     4 |     3 |     9 |     4 |     9 |     5 |     3 |     2 ||    39
         Potion            |       |       |     2 |     2 |       |       |     2 |    19 |     4 ||    29
   Stab: Distracted        |       |       |       |     2 |     6 |       |       |     1 |       ||     9
 Armour: Scale mail        |    23 |    71 |    33 |       |       |       |       |       |       ||   127
         Plate armour      |       |       |    60 |   173 |   291 |   371 |       |       |       ||   895
         Gold dragon scale |       |       |       |       |       |    16 |   542 |   630 |    50 ||  1238
  Dodge: Dodged            |    36 |    64 |    92 |    97 |   221 |   344 |   184 |   143 |    13 ||  1194
  Block: Buckler           |    12 |    29 |    65 |   101 |   157 |       |       |       |       ||   364
         Kite shield       |       |       |       |       |    78 |   198 |       |  1081 |   159 ||  1516
         Tower shield      |       |       |       |       |       |   419 |   986 |   444 |       ||  1849
